[ AOE2 MATCH · #504585960 ]
UnrankedSaracens vs Berbers
Player's team · LOSS
Rival team · WIN
[ REPLAY ANALYSIS · EXTRACTED FROM THE RECORDED GAME ]
Feudal
9:24
Castle
23:11
Imperial
36:22
| APM avg | 66.9 |
| APM peak | 113 |
| eAPM avg | 40.8 |
| Villagers / military | 242 / 290 |
Focus
⚔️ 39.0% · 🌾 61.0%
Skirmisher ×84 · Mameluke ×75 · Archer ×73 · Scout Cavalry ×25 · Monk ×10 · Trebuchet (Packed) ×10
Feudal
10:39
Castle
24:15
Imperial
40:45
| APM avg | 62.2 |
| APM peak | 131 |
| eAPM avg | 31.2 |
| Villagers / military | 209 / 429 |
Focus
⚔️ 36.7% · 🌾 63.3%
Genitour ×192 · Camel Archer ×116 · Scout Cavalry ×79 · Camel Scout ×13 · Skirmisher ×9 · Trebuchet (Packed) ×6
Match map
Initial resources + every placement click. Lines = walls · curves = elevation contours. ◆ gold · ⬟ stone · ● berries · ✦ relic · ◌ wall gap
Your base· Open — unwalled flank
Scotty's base· Open — 5t gap
Smoothed initial terrain · ◌ = detected wall gap · hover for details
Inputs per minute
— Dimo - - Scotty
Build order — Dimo
First 150 of 859 actions detected
| 0:01 | Create | Villager (Male) |
| 0:01 | Build | House |
| 0:02 | Build | House |
| 0:07 | Create | Villager (Male) |
| 0:08 | Create | Villager (Male) |
| 0:08 | Create | Villager (Male) |
| 1:25 | Create | Villager (Male) |
| 1:58 | Create | Villager (Male) |
| 1:58 | Create | Villager (Male) |
| 2:16 | Create | Villager (Male) |
| 2:28 | Build | Lumber Camp |
| 2:46 | Create | Villager (Male) |
| 2:46 | Create | Villager (Male) |
| 3:03 | Research | Loom |
| 3:26 | Create | Villager (Male) |
| 3:35 | Create | Villager (Male) |
| 3:49 | Build | House |
| 4:02 | Create | Villager (Male) |
| 5:03 | Create | Villager (Male) |
| 5:08 | Build | House |
| 5:21 | Build | Palisade Wall |
| 5:25 | Create | Villager (Male) |
| 5:26 | Build | House |
| 5:40 | Build | Palisade Wall |
| 5:41 | Build | Palisade Wall |
| 5:44 | Build | Mill |
| 5:47 | Create | Villager (Male) |
| 5:55 | Build | Palisade Wall |
| 6:00 | Build | Palisade Wall |
| 6:00 | Build | Palisade Wall |
| 6:20 | Create | Villager (Male) |
| 6:40 | Create | Villager (Male) |
| 6:56 | Build | Palisade Wall |
| 7:14 | Research | Feudal Age |
| 7:14 | Research | Feudal Age |
| 8:05 | Build | Barracks |
| 8:08 | Create | Villager (Male) |
| 8:28 | Build | Palisade Wall |
| 8:35 | Build | Mining Camp |
| 8:43 | Create | Villager (Male) |
| 9:05 | Build | House |
| 9:24 | Age | Feudal Age |
| 9:24 | Build | Palisade Wall |
| 9:24 | Build | Palisade Wall |
| 9:30 | Research | Double-Bit Axe |
| 9:51 | Create | Villager (Male) |
| 9:56 | Build | Palisade Wall |
| 9:57 | Build | Palisade Wall |
| 10:02 | Build | Archery Range |
| 10:07 | Build | Palisade Wall |
| 10:08 | Build | Palisade Wall |
| 10:09 | Build | Palisade Wall |
| 10:20 | Build | Palisade Wall |
| 10:33 | Create | Villager (Male) |
| 10:55 | Build | Blacksmith |
| 11:01 | Create | Villager (Male) |
| 11:04 | Create | Villager (Male) |
| 11:08 | Create | Archer |
| 11:12 | Build | House |
| 11:24 | Create | Villager (Male) |
| 11:36 | Create | Archer |
| 11:41 | Build | Lumber Camp |
| 11:52 | Create | Villager (Male) |
| 11:58 | Build | Watch Tower |
| 12:04 | Build | Watch Tower |
| 12:08 | Create | Villager (Male) |
| 12:19 | Create | Villager (Male) |
| 12:24 | Create | Archer |
| 12:27 | Build | House |
| 12:30 | Research | Town Watch |
| 12:36 | Research | Fletching |
| 12:37 | Research | Fletching |
| 12:59 | Build | Farm |
| 13:00 | Build | Farm |
| 13:00 | Create | Villager (Male) |
| 13:01 | Create | Villager (Male) |
| 13:19 | Build | Farm |
| 13:23 | Create | Villager (Male) |
| 13:24 | Create | Villager (Male) |
| 13:25 | Build | Farm |
| 13:37 | Create | Archer |
| 13:52 | Create | Villager (Male) |
| 13:52 | Create | Villager (Male) |
| 13:54 | Build | Mining Camp |
| 13:56 | Build | Mining Camp |
| 13:57 | Create | Villager (Male) |
| 13:58 | Build | Outpost |
| 14:00 | Build | House |
| 14:19 | Build | House |
| 14:27 | Build | Farm |
| 14:38 | Build | Farm |
| 14:38 | Build | Farm |
| 14:39 | Create | Villager (Male) |
| 14:43 | Create | Villager (Male) |
| 14:44 | Build | Farm |
| 14:45 | Build | Farm |
| 14:55 | Research | Town Watch |
| 15:02 | Build | Farm |
| 15:05 | Create | Archer |
| 15:16 | Build | Outpost |
| 15:27 | Create | Villager (Male) |
| 15:38 | Create | Villager (Male) |
| 15:45 | Build | Mining Camp |
| 15:56 | Build | Farm |
| 16:01 | Build | Watch Tower |
| 16:09 | Create | Villager (Male) |
| 16:31 | Create | Villager (Male) |
| 16:38 | Create | Villager (Male) |
| 16:40 | Build | Farm |
| 16:45 | Build | Farm |
| 17:06 | Create | Villager (Male) |
| 17:08 | Build | Farm |
| 17:40 | Build | Watch Tower |
| 17:43 | Create | Villager (Male) |
| 17:55 | Create | Skirmisher |
| 18:03 | Build | Market |
| 18:13 | Build | Farm |
| 18:22 | Build | Stable |
| 18:23 | Build | House |
| 18:30 | Build | Palisade Wall |
| 18:33 | Build | House |
| 18:35 | Create | Villager (Male) |
| 18:44 | Create | Archer |
| 18:47 | Create | Villager (Male) |
| 19:03 | Build | Mining Camp |
| 19:05 | Build | House |
| 19:17 | Build | Farm |
| 19:18 | Create | Villager (Male) |
| 19:23 | Build | House |
| 19:45 | Create | Villager (Male) |
| 19:47 | Create | Scout Cavalry |
| 20:31 | Research | Castle Age |
| 20:31 | Research | Castle Age |
| 20:44 | Build | Stone Wall |
| 20:48 | Build | Stone Wall |
| 20:53 | Research | Gold Mining |
| 21:18 | Create | Scout Cavalry |
| 21:19 | Create | Archer |
| 21:25 | Research | Horse Collar |
| 21:41 | Build | Farm |
| 21:46 | Build | House |
| 21:57 | Build | House |
| 22:07 | Research | Bloodlines |
| 22:46 | Build | Farm |
| 23:11 | Age | Castle Age |
| 23:12 | Create | Villager (Male) |
| 23:15 | Build | Town Center |
| 23:18 | Build | Town Center |
| 23:20 | Create | Villager (Male) |
| 23:21 | Build | Town Center |
Build order — Scotty
First 150 of 663 actions detected
| 0:01 | Create | Villager (Male) ×4 |
| 0:01 | Create | Villager (Male) ×4 |
| 0:02 | Build | House |
| 0:04 | Build | House |
| 1:26 | Create | Villager (Male) |
| 1:26 | Create | Villager (Male) |
| 1:27 | Create | Villager (Male) |
| 1:44 | Build | Lumber Camp |
| 1:58 | Create | Villager (Male) |
| 1:59 | Create | Villager (Male) |
| 1:59 | Create | Villager (Male) |
| 2:15 | Create | Villager (Male) |
| 2:15 | Create | Villager (Male) |
| 2:28 | Research | Loom |
| 2:28 | Research | Loom |
| 2:29 | Research | Loom |
| 2:29 | Create | Villager (Male) |
| 2:29 | Create | Villager (Male) |
| 2:29 | Create | Villager (Male) |
| 2:46 | Create | Villager (Male) |
| 2:46 | Create | Villager (Male) |
| 2:46 | Create | Villager (Male) |
| 3:11 | Create | Villager (Male) |
| 3:47 | Create | Villager (Male) |
| 3:47 | Create | Villager (Male) |
| 3:47 | Create | Villager (Male) |
| 3:52 | Build | House |
| 4:02 | Create | Villager (Male) |
| 4:02 | Create | Villager (Male) |
| 4:02 | Create | Villager (Male) |
| 4:36 | Build | House |
| 4:43 | Create | Villager (Male) |
| 4:43 | Create | Villager (Male) |
| 4:44 | Create | Villager (Male) |
| 5:12 | Create | Villager (Male) |
| 5:12 | Create | Villager (Male) |
| 5:13 | Create | Villager (Male) |
| 5:37 | Build | Mill |
| 5:45 | Create | Villager (Male) |
| 5:46 | Create | Villager (Male) |
| 5:46 | Create | Villager (Male) |
| 5:46 | Create | Villager (Male) |
| 5:46 | Create | Villager (Male) |
| 6:19 | Create | Villager (Male) |
| 6:20 | Create | Villager (Male) |
| 6:25 | Build | Farm |
| 6:56 | Create | Villager (Male) |
| 7:09 | Build | House |
| 7:43 | Create | Villager (Male) |
| 7:50 | Build | Mill |
| 8:29 | Research | Feudal Age |
| 8:29 | Research | Feudal Age |
| 8:30 | Research | Feudal Age |
| 9:21 | Build | Mining Camp |
| 9:21 | Create | Villager (Male) |
| 10:05 | Build | House |
| 10:07 | Create | Villager (Male) |
| 10:24 | Build | House |
| 10:39 | Age | Feudal Age |
| 10:43 | Build | Watch Tower |
| 10:45 | Build | Watch Tower |
| 10:46 | Create | Villager (Male) |
| 10:57 | Build | House |
| 10:59 | Build | Palisade Wall |
| 11:01 | Research | Double-Bit Axe |
| 11:02 | Research | Double-Bit Axe |
| 11:08 | Build | Palisade Wall |
| 11:11 | Build | Palisade Wall |
| 11:14 | Create | Villager (Male) |
| 11:36 | Create | Villager (Male) |
| 11:57 | Create | Villager (Male) |
| 12:02 | Build | Palisade Wall |
| 12:09 | Create | Villager (Male) |
| 12:17 | Build | House |
| 12:19 | Build | Farm |
| 12:21 | Build | Farm |
| 12:40 | Build | Watch Tower |
| 12:44 | Create | Villager (Male) |
| 13:05 | Create | Villager (Male) |
| 13:11 | Build | House |
| 13:11 | Build | House |
| 13:28 | Create | Villager (Male) |
| 13:30 | Build | Blacksmith |
| 13:31 | Build | Palisade Wall |
| 13:35 | Create | Villager (Male) |
| 14:08 | Create | Villager (Male) |
| 14:09 | Build | Farm |
| 14:30 | Create | Villager (Male) |
| 14:35 | Build | Farm |
| 14:36 | Build | Farm |
| 14:44 | Build | Farm |
| 15:02 | Create | Villager (Male) |
| 15:05 | Build | Barracks |
| 15:14 | Create | Villager (Male) |
| 15:21 | Build | Farm |
| 15:22 | Build | Farm |
| 15:29 | Build | Mining Camp |
| 15:30 | Create | Villager (Male) |
| 15:32 | Build | House |
| 16:03 | Build | Archery Range |
| 16:04 | Create | Villager (Male) |
| 16:36 | Build | Watch Tower |
| 16:39 | Create | Villager (Male) |
| 16:40 | Create | Skirmisher |
| 16:40 | Create | Skirmisher |
| 16:41 | Create | Skirmisher |
| 16:52 | Research | Fletching |
| 16:52 | Research | Fletching |
| 16:53 | Create | Skirmisher |
| 17:15 | Build | Outpost |
| 17:16 | Create | Villager (Male) |
| 17:25 | Build | House |
| 17:28 | Create | Villager (Male) |
| 17:36 | Create | Skirmisher |
| 17:45 | Build | Watch Tower |
| 17:46 | Create | Villager (Male) |
| 17:50 | Create | Skirmisher |
| 17:50 | Create | Skirmisher |
| 17:54 | Build | Farm |
| 17:54 | Build | Farm |
| 18:00 | Create | Skirmisher |
| 18:05 | Build | Farm |
| 18:07 | Build | Farm |
| 18:17 | Build | Palisade Wall |
| 18:21 | Build | Mining Camp |
| 18:23 | Create | Villager (Male) |
| 18:23 | Create | Villager (Male) |
| 18:32 | Create | Skirmisher |
| 18:35 | Create | Villager (Male) |
| 18:40 | Build | House |
| 18:46 | Build | Lumber Camp |
| 18:52 | Build | Farm |
| 18:55 | Build | Farm |
| 19:02 | Build | Farm |
| 19:06 | Create | Villager (Male) |
| 19:20 | Research | Town Watch |
| 19:20 | Research | Town Watch |
| 19:32 | Create | Villager (Male) |
| 19:42 | Build | Outpost |
| 19:56 | Build | Market |
| 20:15 | Create | Villager (Male) |
| 20:23 | Build | Watch Tower |
| 20:34 | Create | Spearman |
| 20:34 | Create | Spearman |
| 20:39 | Create | Villager (Male) |
| 20:51 | Build | Palisade Wall |
| 20:52 | Build | Palisade Wall |
| 21:04 | Build | House |
| 21:05 | Build | House |
| 21:10 | Build | Farm |
Match timeline
| 5:21 | Dimo · wall_segment Palisade Wall x1 |
| 5:40 | Dimo · wall_segment Palisade Wall x1 |
| 5:41 | Dimo · wall_segment Palisade Wall x1 |
| 5:55 | Dimo · wall_segment Palisade Wall x1 |
| 6:00 | Dimo · wall_segment Palisade Wall x1 |
| 6:00 | Dimo · wall_segment Palisade Wall x3 |
| 6:56 | Dimo · wall_segment Palisade Wall x2 |
| 8:05 | Dimo · first_building Barracks |
| 8:28 | Dimo · wall_segment Palisade Wall x1 |
| 9:24 | Dimo · age_up feudal |
| 9:24 | Dimo · wall_segment Palisade Wall x1 |
| 9:24 | Dimo · wall_segment Palisade Wall x1 |
| 9:56 | Dimo · wall_segment Palisade Wall x1 |
| 9:57 | Dimo · wall_segment Palisade Wall x1 |
| 10:02 | Dimo · first_building Archery Range |
| 10:07 | Dimo · wall_segment Palisade Wall x1 |
| 10:08 | Dimo · wall_segment Palisade Wall x1 |
| 10:09 | Dimo · wall_segment Palisade Wall x1 |
| 10:20 | Dimo · wall_segment Palisade Wall x1 |
| 10:39 | Scotty · age_up feudal |
| 10:59 | Scotty · wall_segment Palisade Wall x6 |
| 11:08 | Scotty · wall_segment Palisade Wall x2 |
| 11:11 | Scotty · wall_segment Palisade Wall x4 |
| 12:02 | Scotty · wall_segment Palisade Wall x8 |
| 13:31 | Scotty · wall_segment Palisade Wall x1 |
| 15:05 | Scotty · first_building Barracks |
| 16:03 | Scotty · first_building Archery Range |
| 18:17 | Scotty · wall_segment Palisade Wall x1 |
| 18:22 | Dimo · first_building Stable |
| 18:30 | Dimo · wall_segment Palisade Wall x11 |
| 19:13 | Dimo · first_market_sell 100 wood |
| 19:34 | Dimo · first_market_buy 100 food |
| 20:44 | Dimo · wall_segment Stone Wall x1 |
| 20:48 | Dimo · wall_segment Stone Wall x1 |
| 20:51 | Scotty · wall_segment Palisade Wall x1 |
| 20:52 | Scotty · wall_segment Palisade Wall x1 |
| 21:08 | Scotty · first_market_sell 100 wood |
| 22:41 | Scotty · first_building Stable |
| 23:11 | Dimo · age_up castle |
| 23:48 | Scotty · wall_segment Palisade Wall x1 |
| 24:05 | Dimo · first_building Monastery |
| 24:15 | Scotty · age_up castle |
| 24:33 | Scotty · first_market_buy 100 food |
| 25:17 | Dimo · wall_segment Palisade Wall x1 |
| 25:19 | Dimo · wall_segment Palisade Wall x1 |
| 25:21 | Dimo · wall_segment Palisade Wall x1 |
| 25:35 | Scotty · wall_segment Palisade Wall x1 |
| 27:13 | Dimo · first_building Castle |
| 27:23 | Dimo · wall_segment Palisade Wall x1 |
| 27:23 | Dimo · wall_segment Palisade Wall x1 |
| 29:13 | Scotty · first_building Castle |
| 30:35 | Scotty · first_building Siege Workshop |
| 31:59 | Dimo · first_building Siege Workshop |
| 32:52 | Dimo · wall_segment Stone Wall x2 |
| 32:54 | Dimo · wall_segment Stone Wall x1 |
| 33:00 | Dimo · wall_segment Stone Wall x1 |
| 33:00 | Dimo · wall_segment Stone Wall x1 |
| 33:03 | Dimo · wall_segment Stone Wall x1 |
| 34:06 | Scotty · first_building Monastery |
| 36:22 | Dimo · age_up imperial |
| 37:58 | Dimo · wall_segment Palisade Wall x1 |
| 40:45 | Scotty · age_up imperial |
| 42:53 | Dimo · wall_segment Palisade Wall x1 |
| 57:06 | Dimo · resign |
[ AI ANALYSIS · 1 CREDIT ]
What really happened in this match?
Wolo.gg analyzes every decision: build order, eco, micro, common mistakes by bracket. Personalized analysis on WhatsApp or Discord in 30 seconds.
Civ guide
Saracens
Perfil
Jugador #6040432